 Dungeon Crawl Stone Soup version 0.32-a0-520-g344ed53f66 (webtiles) character file.

Game seed: 17556448674963730196

987 cforsyth the Chopper (level 8, -2/64 HPs)
             Began as a Coglin Gladiator on Feb 27, 2024.
             Slain by Pikel
             ... wielding a +2 whip of electrocution
              (4 damage)
             ... on level 4 of the Dungeon.
             The game lasted 00:07:56 (4233 turns).

cforsyth the Chopper (Coglin Gladiator)             Turns: 4233, Time: 00:07:57

Health: -2/64      AC: 16    Str: 17    XL:     8   Next: 18%
Magic:  0/8        EV:  6    Int:  7    God:
Gold:   283        SH:  0    Dex: 16    Spells: 7/7 levels left

rFire   . . .        a - +0 war axe {Deepnoor}
rCold   . . .        w - +0 hand axe (spect) {Vikramjeet}
rNeg    . . .        i - +0 plate armour
rPois   .            m - +2 helmet
rElec   .            (no cloak)
rCorr   .            (no gloves)
SInv    .            v - +0 pair of boots
Will    .....        n - amulet of guardian spirit Stlth
                     (ring unavailable)
HPRegen 0.30/turn    (ring unavailable)
MPRegen 0.11/turn

%: guardian spirit
@: invisible, revved
A: off-hand wielding, slow wielding, warmup strikes, no rings
a: no special abilities


You were on level 4 of the Dungeon.
You visited 1 branch of the dungeon, and saw 5 of its levels.
You also visited: Sewer.

You collected 283 gold pieces.


Innate Abilities, Weirdness & Mutations

You can wield a second weapon in your off-hand.
It takes a long time for you to wield or remove held weapons.
Your first few attacks do less damage.
Your grasper-arms cannot wear rings.


   Skills:
 + Level 5.7 Fighting
 + Level 6.0 Axes
 - Level 1.7 Throwing
 + Level 4.5 Armour
 - Level 2.6 Dodging


You had 7 spell levels left.
You didn't know any spells.
Your spell library contained the following spells:

 Spells                   Type           Power      Damage    Failure   Level
 Freeze                   Ice            0%         1d3       100%        1
 Blink                    Tloc           0%         N/A       100%        2
 Lesser Beckoning         Tloc           0%         N/A       100%        2
 Momentum Strike          Conj/Tloc      0%         3d8       100%        2
 Sublimation of Blood     Necr           0%         N/A       100%        2
 Frozen Ramparts          Ice            0%         1d1       100%        3
 Hailstorm                Conj/Ice       0%         3d5       100%        3
 Petrify                  Alch/Erth      0%         N/A       100%        4
 Irradiate                Conj/Alch      0%         3d11      100%        5

Inventory:

Hand Weapons
 a - a +0 war axe (weapon) {Deepnoor}
 w - a +0 spectral hand axe (offhand) {Vikramjeet}
Missiles
 d - 3 throwing nets (quivered) {=f}
 e - 6 javelins
Armour
 i - a +0 plate armour (worn)
 m - a +2 helmet (worn)
 v - a +0 pair of boots (worn)
Jewellery
 f - an amulet of magic regeneration
 n - an amulet of guardian spirit (around neck)
Scrolls
 c - a scroll of enchant armour {unknown}
 g - a scroll of vulnerability
 h - a scroll of revelation {unknown}
 k - a scroll of immolation
 o - 4 scrolls of teleportation {unknown}
 p - 3 scrolls of poison {unknown}
 q - a scroll of acquirement {unknown}
 r - a scroll of enchant weapon {unknown}
 y - a scroll of amnesia {unknown}
Potions
 b - 2 potions of might {unknown}
 j - a potion of cancellation {unknown}
 l - 2 potions of invisibility
 s - a potion of mutation
 t - 2 potions of heal wounds {unknown}
 u - a potion of magic {unknown}
 x - 2 potions of resistance {unknown}

Dungeon Overview and Level Annotations

Branches:
Dungeon (5/15)              Sewer (visited)
 Temple: D:4-7

Altars:
Gozag
Hepliaklqana
Kikubaaqudgha
Okawaru
Trog

Annotations:
D:4 Pikel

###########
..........######## #########
..........'....K@###.......#
.†.>......######{#.........##
†)........'........⌠.~~....<#
..........####.#.▒...~~~~...#
...........# #...▒▒..~≈≈~~..#
###........# ##..▒▒..~~~~...#
#........# ##.▒...~.~....#
#........# #.▒...~......#
#........# #.▒.⚑~...)⌠.##


You could see Pikel (unable to see you) and a friendly +0 spectral hand axe
{Vikramjeet}.


Message History

Pikel hits you but does no damage.
You are electrocuted!!
* * * LOW HITPOINT WARNING * * *
Pikel barely misses you.
Unknown command.
You fade into invisibility!
Your +0 spectral hand axe {Vikramjeet} disappears.
Pikel barely misses you.
Unknown command.
You catch the helpless Pikel completely off-guard!
You hit Pikel with your +0 spectral hand axe.
Pikel is severely wounded.
You hit Pikel with your +0 war axe.
Your +0 spectral hand axe {Vikramjeet} closely misses Pikel.
Pikel hits you with a +2 whip of electrocution!
* * * LOW HITPOINT WARNING * * *
You hit Pikel with your +0 spectral hand axe.
Pikel is almost dead.
You hit Pikel with your +0 war axe.
Your +0 spectral hand axe {Vikramjeet} hits Pikel but does no damage.
Pikel hits you but does no damage.
Unknown command.
You hit Pikel but do no damage.
Pikel is almost dead.
You closely miss Pikel with your +0 spectral hand axe.
Your +0 spectral hand axe {Vikramjeet} hits Pikel but does no damage.
Pikel says, "You'll feel the lick of my whip!"
Pikel hits you with a +2 whip of electrocution.
You die...
Pikel says, "Another soul for the market."

Skill      XL: |  1  2  3  4  5  6  7  8 |
---------------+-------------------------+-----
Armour         | 1 2 3 4 |  4.5
Fighting       | 3 4 5 |  5.7
Axes           | 4 5 6 |  6.0
Throwing       | |  1.7
Dodging        | |  2.6

Action                     |  1- 3 |  4- 6 |  7- 9 || total
---------------------------+-------+-------+-------++-------
  Melee: War axe           |    92 |   176 |   100 ||   368
         Hand axe          |       |       |    55 ||    55
    Use: Scroll            |     5 |       |       ||     5
         Potion            |       |     3 |     1 ||     4
   Stab: Distracted        |       |       |     1 ||     1
         Invisible         |       |       |     1 ||     1
 Armour: Leather armour    |    20 |       |       ||    20
         Plate armour      |    67 |   235 |    92 ||   394
  Dodge: Dodged            |    51 |    47 |    31 ||   129
         Repelled          |       |     1 |       ||     1

Levels and vault maps discovered:
D:1:      dpeg_arrival_stone_temple_mockup, layout_rooms,
          shapermc_ecumenical_altar_venn
D:2:      layout_basic, serial_aquarium, aquarium_bridge_square
          [aquarium_subvault_wall, aquarium_subvault_window,
          aquarium_subvault_bridge, aquarium_subvault_wall], aquarium_window_2,
          aquarium_window_corner, aquarium_window_corridor_3, aquarium_view_2c,
          aquarium_balcony_1a, aquarium_pool_1
D:3:      layout_loops_cross, mainiacjoe_overflow_paths, portal_sewer_entry_a
D:4:      layout_basic, grunt_gozag_statues, kiku_gazebo_pond_becter,
          hellmonk_okawaru_the_only_friend_you_need,
          nicolae_hepliaklqana_monster_ancestors, uniq_blork_the_orc,
          uniq_eustachio
D:5:      layout_basic, minmay_increasing_density, uniq_pikel

Notes
Turn   | Place    | Note
-------+----------+-------------------------------------------
     0 | D:1      | cforsyth the Coglin Gladiator began the quest for the Orb.
     0 | D:1      | Reached XP level 1. HP: 16/16 MP: 1/1
   245 | D:1      | Reached XP level 2. HP: 22/22 MP: 2/2
   311 | D:1      | Reached skill level 1 in Armour
   365 | D:1      | Found a faded altar of an unknown god.
   642 | D:2      | Reached XP level 3. HP: 25/28 MP: 3/3
  1409 | D:3      | Found a bloodstained altar of Trog.
  1485 | D:3      | Identified the +1 leather armour of Atoh {*Slow Str+6}
  1554 | D:3      | Reached skill level 3 in Fighting
  1554 | D:3      | Reached XP level 4. HP: 26/35 MP: 2/4
  1566 | D:3      | Found a glowing drain.
  1585 | Sewer    | Entered a sewer
  1803 | Sewer    | Reached skill level 2 in Armour
  1838 | Sewer    | Reached skill level 4 in Axes
  1838 | Sewer    | Reached XP level 5. HP: 40/41 MP: 5/5
  3037 | D:4      | Found an opulent altar of Gozag.
  3055 | D:4      | Reached skill level 4 in Fighting
  3055 | D:4      | Reached XP level 6. HP: 20/48 MP: 4/6
  3185 | D:4      | Reached skill level 3 in Armour
  3227 | D:4      | Found an ancient bone altar of Kikubaaqudgha.
  3227 | D:4      | Noticed Eustachio
  3255 | D:4      | Killed Eustachio
  3256 | D:4      | Reached skill level 5 in Axes
  3256 | D:4      | Reached XP level 7. HP: 46/55 MP: 4/7
  3403 | D:4      | Noticed Blork the orc
  3417 | D:4      | Killed Blork the orc
  3625 | D:4      | Found an iron altar of Okawaru.
  3684 | D:4      | Found a hazy altar of Hepliaklqana.
  3768 | D:4      | Reached skill level 5 in Fighting
  3874 | D:5      | Entered Level 5 of the Dungeon
  3893 | D:5      | Reached skill level 4 in Armour
  3973 | D:5      | Reached XP level 8. HP: 56/63 MP: 6/8
  4070 | D:5      | Reached skill level 6 in Axes
  4174 | D:5      | Noticed Pikel
  4231 | D:4      | HP: 2/64 [Pikel/+2 whip of electrocution (8)]
  4233 | D:4      | Slain by Pikel

Vanquished Creatures
  Eustachio (D:4)
  An ice beast (D:5)
  2 lemures (D:4)
  Blork the orc (D:4)
  3 scorpions
  2 bombardier beetles
  3 hounds
  A jelly (D:5)
  A gnoll bouda (D:5)
  2 sleepcaps
  A gnoll (D:5)
  7 adders
  4 river rats
  3 dart slugs
  5 ribbon worms
  4 orcs (D:5)
  14 ball pythons
  7 bats
  6 endoplasms
  10 giant cockroaches
  3 goblins
  5 hobgoblins
  10 jackals
  6 quokkas
  4 frilled lizards
  7 kobolds
  11 rats
  A spectral kobold (D:4)
125 creatures vanquished.

Table legend: (Time is in decaauts)
 A = Elapsed time spent in this place.
 B = Non-inter-level travel time spent in this place.
 C = Inter-level travel time spent in this place.
 D = Time resting spent in this place.
 E = Time spent auto-exploring this place.
 F = Levels seen in this place.
 G = Mean time per level.
                   A        B        C        D        E       F      G
               +--------+--------+--------+--------+--------+-----+--------+
         Total |   4545 |   4346 |    199 |     13 |   3048 |   6 |  757.5 |
       Dungeon |   3503 |   3304 |    199 |     13 |   2469 |   5 |  700.6 |
         Sewer |   1041 |   1041 |      0 |      0 |    578 |   1 | 1041.0 |
               +--------+--------+--------+--------+--------+-----+--------+

Top non-repeatable levels by time:
   Sewer: 1041 daAuts
     D:4: 1010 daAuts
     D:2: 801 daAuts
     D:3: 733 daAuts
     D:1: 622 daAuts
     D:5: 335 daAuts

Table legend:
 A = Non-vault XP
 B = Vault XP
 C = Vault XP percentage of total XP
 D = Non-vault monster count
 E = Vault monster count
 F = Vault count percentage of total count
                 A         B        C        D         E       F
            +---------+---------+-------+---------+---------+-------
      Total |     697 |     713 |  50.6 |      75 |      48 |  39.0
            +---------+---------+-------+---------+---------+-------
        D:1 |      30 |       0 |   0.0 |      17 |       0 |   0.0
        D:2 |      38 |       0 |   0.0 |      12 |       0 |   0.0
        D:3 |      36 |      22 |  37.9 |      19 |       5 |  20.8
        D:4 |     345 |     308 |  47.2 |      23 |       4 |  14.8
        D:5 |     248 |     259 |  51.1 |       4 |      11 |  73.3
      Sewer |       0 |     124 | 100.0 |       0 |      28 | 100.0
            +---------+---------+-------+---------+---------+-------
